 Dungeon Crawl Stone Soup version 0.18.1-48-g4cf74bf (webtiles) character file.

233 torvon the Skirmisher (level 6, -3/49 HPs)
             Began as a Formicid Abyssal Knight on Aug 6, 2016.
             Was a Believer of Lugonu.
             Slain by an adder (4 damage)
             ... on level 3 of the Dungeon.
             The game lasted 00:13:16 (2710 turns).

torvon the Skirmisher (Formicid Abyssal Knight)     Turns: 2710, Time: 00:13:17

Health: -3/49      AC:  4    Str: 16 (18) XL:     6   Next: 25%
Magic:  16/16      EV: 12    Int: 11 (12) God:    Lugonu [**....]
Gold:   111        SH:  0    Dex:  7 (10) Spells: 0 memorised, 5 levels left

rFire  . . .     SeeInvis +     w - +0 club
rCold  . . .     Gourm    .     b - +0 leather armour
rNeg   . . .     Faith    .     (no shield)
rPois  .         Spirit   .     (helmet unavailable)
rElec  .         Dismiss  .     (no cloak)
rCorr  .         Reflect  .     u - +0 pair of gloves
SustAt .         Harm     .     (no boots)
MR     .....                    (no amulet)
Stlth  ++........               B - ring of magical power
                                f - ring of stealth

@: lethally poisoned (-3 -> -15), starving, not resistant to hostile
enchantments, unstealthy
A: permanent stasis, dig shafts and tunnels, four strong arms, antennae 3
a: Dig, Shaft Self, Depart the Abyss, Bend Space, Renounce Religion


You were on level 3 of the Dungeon.
You worshipped Lugonu.
Lugonu was pleased with you.
You were starving.

You visited 1 branch of the dungeon, and saw 3 of its levels.
You visited the Abyss 1 time.

You collected 111 gold pieces.

Inventory:

Hand Weapons
 a - a +2 spear
 c - a +0 whip
 g - a +0 short sword
 i - a +0 club
 k - a +0 dagger
 l - a +0 dagger
 m - a +0 short sword
 o - a +0 club
 t - a +0 club
 v - a +0 hand axe
 w - a +0 club (weapon)
 x - a +0 club
 y - a +0 hunting sling
 C - a +0 scythe
 H - a +0 hunting sling
Missiles
 j - 98 stones (quivered)
 n - 21 bolts
 I - 26 sling bullets
Armour
 b - a +0 leather armour (worn)
 u - a +0 pair of gloves (worn)
 D - a +0 robe
 F - a +0 ring mail
 G - a +0 leather armour
Jewellery
 f - a ring of stealth (left hand)
 B - a ring of magical power (right hand)
Scrolls
 h - a scroll of identify
 p - 2 scrolls of amnesia
Potions
 d - a potion of ambrosia {unknown}
 e - a potion of agility
 q - a potion of lignification
 r - a potion of degeneration
Comestibles
 E - a bread ration


   Skills:
 + Level 4.3 Fighting
 + Level 0.4 Maces & Flails
 + Level 3.2 Polearms
 + Level 2.9 Armour
 + Level 3.1 Dodging
 + Level 1.6 Stealth
 + Level 2.4 Invocations


You had 5 spell levels left.
You didn't know any spells.

Dungeon Overview and Level Annotations

Branches:
Dungeon (2/15)

Altars:
Ashenzari
Fedhas


Innate Abilities, Weirdness & Mutations

You are under a permanent stasis effect.
You can dig through walls and to a lower floor.
Your four strong arms can wield two-handed weapons with a shield.
You have a pair of large antennae on your head (SInv).


Message History

You feel sick. The adder bites you.
* * * LOW HITPOINT WARNING * * *
You are more poisoned.
The adder poisons you! The adder bites you.
* * * LOW HITPOINT WARNING * * *
Unknown command.
You closely miss the adder.
The adder is lightly wounded.
* * * LOW HITPOINT WARNING * * *
You feel sick. The adder bites you.
* * * LOW HITPOINT WARNING * * *
The adder bites you.
* * * LOW HITPOINT WARNING * * *
You are more poisoned.
The adder poisons you!
You hit the adder.
The adder is moderately wounded.
* * * LOW HITPOINT WARNING * * *
You feel sick. The adder bites you.
You die...

#... #.# #. ###.
#.# ####.# # #.
#.#
#......######
#.#
#.##.#.#.....
#.#
#......#.####
#.# #..#......#
#S# #.........#
#@#####.####...#
#..............#
#######........#
#....#.####.#
#.......# #.#
######### #..
####


You could see an adder.

Vanquished Creatures
  Sigmund (D:2)
  4 adders
  A giant gecko (D:2)
  3 bats
  4 goblins
  9 hobgoblins
  A quokka (D:3)
  A ball python (D:1)
  4 giant newts (D:1)
  4 kobolds (D:1)
  6 rats
38 creatures vanquished.

Notes
Turn   | Place    | Note
--------------------------------------------------------------
     0 | Abyss:1  | torvon the Formicid Abyssal Knight began the quest for the Orb.
     0 | Abyss:1  | Reached XP level 1. HP: 18/18 MP: 2/2
    21 | D:1      | Escaped the Abyss
   272 | D:1      | Reached XP level 2. HP: 16/24 MP: 3/3
   487 | D:1      | Reached skill level 1 in Dodging
   870 | D:1      | Reached ** piety under Lugonu
   893 | D:1      | Reached XP level 3. HP: 27/30 MP: 4/4
  1858 | D:2      | Noticed Sigmund
  1877 | D:2      | Killed Sigmund
  1877 | D:2      | Reached skill level 4 in Fighting
  1877 | D:2      | Reached skill level 1 in Stealth
  1877 | D:2      | Reached XP level 4. HP: 13/37 MP: 5/5
  1877 | D:2      | Reached XP level 5. HP: 15/42 MP: 6/6
  1877 | D:2      | Reached XP level 6. HP: 17/48 MP: 7/7
  2110 | D:2      | You fall through a shaft!
  2473 | D:3      | Found a blossoming altar of Fedhas.
  2476 | D:3      | Found a shattered altar of Ashenzari.
  2710 | D:3      | HP: 1/49 [poisoned by an adder]
  2710 | D:3      | Slain by an adder

Skill      XL: |  1  2  3 |
---------------+----------+-----
Dodging        | 1 3 |  3.1
Fighting       | 4 |  4.3
Polearms       | 3 |  3.2
Stealth        | 1 |  1.6
Maces & Flails | |  0.4
Armour         | |  2.9
Invocations    | |  2.4

Action                   |  1- 3 |  4- 6 || total
-------------------------+-------+-------++-------
Melee: Spear             |   113 |    15 ||   128
       Club              |       |    48 ||    48
       Scythe            |       |    18 ||    18
Throw: Stone             |     1 |     1 ||     2
Invok: Bend Space        |       |     1 ||     1
 Abil: Dig               |     2 |       ||     2
       Shaft Self        |       |     1 ||     1
  Use: Scroll            |     1 |     3 ||     4
       Potion            |       |     4 ||     4
 Stab: Sleeping          |     2 |       ||     2
  Eat: Bread ration      |     1 |       ||     1
Armor: Leather armour    |    45 |    54 ||    99
Dodge: Dodged            |    65 |    98 ||   163
